 Dungeon Crawl Stone Soup version 0.21-a0-94-gdd6ab6a (webtiles) character file.

293 Gorglomux the Insei (level 5, 0/58 HPs)
             Began as a Demigod Summoner on July 1, 2017.
             Succumbed to an adder's poison
             ... on level 3 of the Dungeon.
             The game lasted 00:02:21 (2913 turns).

Gorglomux the Insei (Demigod Summoner)              Turns: 2913, Time: 00:02:21

Health: 0/58       AC:  3    Str: 18    XL:     5   Next: 84%
Magic:  8/10       EV: 12    Int: 23    God:
Gold:   61         SH:  5    Dex: 16    Spells: 6/7 levels left

rFire    + . .     SeeInvis .   j - +2 dagger (elec)
rCold    + . .     Gourm    .   (no shield)
rNeg     . . .     Faith    .   a - +0 robe
rPois    +         Spirit   .   (helmet restricted)
rElec    +         Reflect  +   (no cloak)
rCorr    +         Harm     .   g - +0 pair of gloves
MR       .....                  (no boots)
Stlth    ..........             I - +5 amulet of reflection
HPRegen  0.19/turn              (no ring)
MPRegen  0.12/turn              (no ring)

@: berserking, lethally poisoned (0 -> -2), resistant, very quick
A: horns 1, clever 1, high mp 1, screaming 1, strong 1
a: no special abilities


You were on level 3 of the Dungeon.
You were hungry.

You visited 1 branch of the dungeon, and saw 3 of its levels.

You collected 61 gold pieces.

Inventory:

Hand Weapons
 j - a +2 dagger of electrocution (weapon)
Armour
 a - a +0 robe (worn)
 g - a +0 pair of gloves (worn)
Jewellery
 I - a +5 amulet of reflection (around neck)
Scrolls
 d - 2 scrolls of recharging {unknown}
 e - a scroll of teleportation {unknown}
 f - 2 scrolls of identify {unknown}
 h - 2 scrolls of remove curse {unknown}
 G - a scroll of fog {unknown}
 K - a scroll of noise {unknown}
 N - a scroll of magic mapping {unknown}
 O - a scroll of random uselessness {unknown}
Potions
 J - a potion of curing {unknown}
 L - a potion of agility
 M - a potion of lignification {unknown}
Books
 b - a book of Callings

   Spells                             Type                      Level
   a - Summon Small Mammal            Summoning                    1
   b - Call Imp                       Summoning                    2
   c - Call Canine Familiar           Summoning                    3
   d - Summon Guardian Golem          Hexes/Summoning              3
   e - Summon Lightning Spire         Summoning/Air                4
   f - Summon Ice Beast               Ice/Summoning                4
Comestibles
 c - 3 bread rations
 z - 3 meat rations
 A - 2 royal jellies
 C - 3 fruits
 P - a chunk of flesh


   Skills:
 + Level 0.3 Fighting
 - Level 1.7 Dodging
 - Level 1.7 Stealth
 - Level 5.4 Unarmed Combat
 - Level 1.7 Spellcasting
 - Level 3.6 Summonings


You had 6 spell levels left.
You knew the following spells:

 Your Spells              Type           Power        Failure   Level  Hunger
a - Summon Small Mammal   Summ           ###.         3%          1    #......


Dungeon Overview and Level Annotations

Branches:
Dungeon (3/15)


Innate Abilities, Weirdness & Mutations

You have an increased reservoir of magic. (+10% MP)
You have a pair of small horns on your head.
Your mind is acute. (Int +2)
You occasionally shout uncontrollably at your foes.
Your muscles are strong. (Str +2)


Message History

You swap places.
You feel sick.
Your bat hits the adder but does no damage.
The adder bites your bat but does no damage.
Your bat hits the adder. The adder bites your bat.
Your bat dies!
Your bat's corpse disappears in a puff of smoke!
It was a potion of resistance.
You feel protected.
It was a potion of mutation.
You feel extremely strange.
You feel the urge to shout. A pair of horns grows on your head!
You feel clever.
You feel stronger. The adder bites you.
* * * LOW HITPOINT WARNING * * *
It was a potion of berserk rage.
A red film seems to cover your vision as you go berserk!
You feel yourself moving faster!
You feel mighty! The adder bites you.
* * * LOW HITPOINT WARNING * * *
You miss the adder.
The adder is heavily wounded.
You die...

#. #.).........## ..# .
#.##...###### ..# #
#.###..# ..# #.# ##.## #..
#.####..# [.##
#######.##....# ...
...........#.##### ..#
######.#........#
#.##############@#........#
#l÷....l......##S#.....)..#
#############S##S#........#
#..#l#........#
##...#........#
#####........# #........#
##########


You could see 2 adders and a frilled lizard.

Vanquished Creatures
  Grinder (D:3)
  4 gnolls (D:3)
  An adder (D:2)
  2 oozes
  A worm (D:2)
  3 orcs (D:3)
  A ball python (D:1)
  8 bats
  4 giant cockroaches
  5 goblins
  3 hobgoblins
  A jackal (D:1)
  A frilled lizard (D:1)
  4 kobolds
  10 rats
49 creatures vanquished.

Vanquished Creatures (collateral kills)
  A goblin (D:1)
  2 jackals (D:1)
  A kobold (D:1)
4 creatures vanquished.

Vanquished Creatures (others)
  4 toadstools (D:1)
4 creatures vanquished.

Grand Total: 57 creatures vanquished

Notes
Turn   | Place    | Note
-------+----------+-------------------------------------------
     0 | D:1      | Gorglomux the Demigod Summoner began the quest for the Orb.
     0 | D:1      | Reached XP level 1. HP: 14/14 MP: 5/5
   339 | D:1      | Reached skill level 1 in Unarmed Combat
   773 | D:1      | Reached XP level 2. HP: 11/20 MP: 4/7
  1106 | D:1      | Reached skill level 2 in Unarmed Combat
  1848 | D:2      | Found a faded altar of an unknown god.
  1971 | D:2      | Found a burning altar of Makhleb.
  2038 | D:2      | Reached XP level 3. HP: 25/26 MP: 8/8
  2148 | D:2      | Found an opulent altar of Gozag.
  2211 | D:2      | Found a hazy altar of Hepliaklqana.
  2303 | D:2      | Reached skill level 3 in Unarmed Combat
  2559 | D:3      | Noticed Grinder
  2565 | D:3      | Killed Grinder
  2565 | D:3      | Reached skill level 5 in Unarmed Combat
  2565 | D:3      | Reached XP level 4. HP: 24/33 MP: 9/9
  2565 | D:3      | Reached XP level 5. HP: 27/38 MP: 10/10
  2911 | D:3      | Gained mutation: You occasionally shout uncontrollably at your foes. [potion of mutation]
  2911 | D:3      | Gained mutation: You have a pair of small horns on your head. [potion of mutation]
  2911 | D:3      | Gained mutation: Your mind is acute. (Int +2) [potion of mutation]
  2911 | D:3      | Gained mutation: Your muscles are strong. (Str +2) [potion of mutation]
  2912 | D:3      | HP: 1/58 [adder (3)]
  2913 | D:3      | Succumbed to an adder's poison

Vault maps used:
D:1:      ldierk_walled_garden_2, kennysheep_small_spiral
D:2:      lemuel_doored_altar, lemuel_coloured_pillars_altar,
          lemuel_round_altar, chequers_ecumenical_altar_island, first_bread
D:3:      uniq_grinder

Skill      XL: |  1  2  3 |
---------------+----------+-----
Unarmed Combat | 1 2 5 |  5.4
Fighting       | |  0.3
Dodging        | |  1.7
Stealth        | |  1.7
Spellcasting   | |  1.7
Summonings     | |  3.6

Action                   |  1- 3 |  4- 6 || total
-------------------------+-------+-------++-------
Melee: Unarmed           |    53 |       ||    53
       Dagger            |   107 |    27 ||   134
       Punch             |     1 |     1 ||     2
 Cast: Summon Small Mamm |     5 |     5 ||    10
  Use: Potion            |       |     3 ||     3
 Stab: Sleeping          |     7 |       ||     7
  Eat: Chunk             |     5 |     1 ||     6
Armor: Robe              |    44 |     4 ||    48
Dodge: Dodged            |   101 |    16 ||   117
Block: Other             |    12 |     7 ||    19
